 Dungeon Crawl Stone Soup version 0.29-a0-559-g359e09b9d1 (webtiles) character file.

Game seed: 10320364286534422023

1361 ZappyNine the Fighter (level 8, 0/89 HPs)
             Began as an Ogre Fighter on June 9, 2022.
             Was an Initiate of the Shining One.
             Slain by a sky beast (5 damage)
             ... on level 5 of the Dungeon.
             The game lasted 00:05:45 (5962 turns).

ZappyNine the Fighter (Ogre Fighter)                Turns: 5962, Time: 00:05:46

Health: 0/89       AC:  7    Str: 23    XL:     8   Next: 64%
Magic:  8/8        EV: 10    Int:  9    God:    the Shining One [......]
Gold:   1227       SH:  0    Dex:  8    Spells: 7/7 levels left

rFire   + . .      SeeInvis .   D - +4 giant spiked club (flame)
rCold   + . .      Faith    .   (shield currently unavailable)
rNeg    . . .      Spirit   .   w - +2 robe {rC+ rF+}
rPois   .          Reflect  .   u - +1 hat
rElec   .          Harm     .   p - +0 cloak
rCorr   .          Rampage  .   (gloves unavailable)
Will    +....                   (boots unavailable)
Stlth   +.........              j - amulet of the acrobat
HPRegen 0.24/turn               b - ring of willpower
MPRegen 0.11/turn               (no ring)

@: mighty, lethally poisoned (0 -> -5), glowing
A: large, unfitting armour, tough skin 1
a: Renounce Religion


You were on level 5 of the Dungeon.
You worshipped the Shining One.
The Shining One was noncommittal.
You visited 2 branches of the dungeon, and saw 7 of its levels.

You collected 1227 gold pieces.

Inventory:

Hand Weapons
 v - a +2 flail of protection
 D - a +4 giant spiked club of flaming (weapon)
Armour
 c - a +0 kite shield
 p - a +0 cloak (worn)
 u - a +1 hat (worn)
 w - a +2 robe of resistance (worn)
Jewellery
 b - a ring of willpower (left hand)
 j - an amulet of the acrobat (around neck)
Wands
 h - a wand of polymorph (9)
 m - a wand of iceblast (3)
 y - a wand of acid (10)
Scrolls
 f - a scroll of torment
 g - 2 scrolls of identify
 l - a scroll of blinking
 n - a scroll of brand weapon
 q - 4 scrolls of teleportation
Potions
 a - a potion of mutation {unknown}
 d - a potion of brilliance {unknown}
 e - 2 potions of haste
 i - a potion of invisibility {unknown}
 k - 2 potions of heal wounds
 o - 2 potions of flight
 s - 3 potions of lignification {unknown}
 t - 2 potions of attraction {unknown}
 A - 2 potions of curing {unknown}
 B - a potion of might
 C - a potion of degeneration {unknown}


   Skills:
 + Level 8.7 Fighting
 * Level 7.9 Maces & Flails
 - Level 2.6 Dodging
 - Level 3.0 Shields


You had 7 spell levels left.
You didn't know any spells.
Your spell library was empty.

Dungeon Overview and Level Annotations

Branches:
Dungeon (6/15)             Temple (1/1) D:4

Altars:
Dithmenos
Elyvilon
Gozag
Hepliaklqana
Kikubaaqudgha
Makhleb
Nemelex Xobeh
Sif Muna
Trog
Vehumet
Xom
Yredelemnul
Zin
The Shining One


Innate Abilities, Weirdness & Mutations

You are too large for most types of armour.
You have tough skin. (AC +1)


Message History

You miss the killer bee.
The killer bee is heavily wounded.
The killer bee stings you.
You are poisoned.
The killer bee poisons you! The killer bee stings you.
* * * LOW HITPOINT WARNING * * *
You are more poisoned.
The killer bee poisons you! Something hits you but does no damage.
The killer bee closely misses you.
Unknown command.
You closely miss the killer bee.
The killer bee is heavily wounded.
You feel very sick. The killer bee stings you.
* * * LOW HITPOINT WARNING * * *
A sky beast appears from thin air!
Reactivating autopickup.
The sky beast barely misses you.
The killer bee stings you but does no damage.
The sky beast barely misses you.
The killer bee stings you but does no damage.
Unknown command.
You miss the killer bee.
The killer bee is heavily wounded.
You feel very sick.
The killer bee barely misses you. x2; The sky beast flickers out of sight!
Deactivating autopickup; reactivate with Ctrl-A.
Something hits you but does no damage.
Unknown command.
Unknown command.
You miss the killer bee.
The killer bee is heavily wounded.
You feel sick. The killer bee stings you.
* * * LOW HITPOINT WARNING * * *
The killer bee stings you.
* * * LOW HITPOINT WARNING * * *
Something hits you.
* * * LOW HITPOINT WARNING * * *
Something shocks you.
You die...

#####.#
#.####.#.####...##
#.....#
#.......#.##.....##
#.###.#
#.####[..##.......####
#.# #.#####.#
##.###..........# #.#
#.......# #.#
#.........^. #.#
######### #.#
#........... #.# #.#
#.#...#..... #.#
#######.###.##.##.####
#.#
#...{@y......†....#
#(##
#.#####.###.###.#.#
#..# ####.#
#.#.....#.#.# ##.#
#....# #.#.#.......#
#.# #.##.##
#....##.....# #.#
#.##..#
###.###.#.#.#### ###.#
#.###.# #.....#.#.....
....#####.###.###
#.#####.#####.
...(.##.........####.#
#.# ##.


You could see a killer bee.

Vanquished Creatures
  Prince Ribbit (D:5)
  Sigmund (D:3)
  Menkaure (D:5)
  A black bear (D:5)
  An ice beast (D:4)
  2 ogres
  4 scorpions
  A howler monkey (D:4)
  2 hounds
  Jessica (D:3)
  Terence (D:3)
  An iguana (D:3)
  4 adders
  3 worms
  3 dart slugs
  4 orcs
  4 endoplasms
  3 giant cockroaches
  3 goblins
  10 hobgoblins
  2 jackals (D:3)
  5 kobolds
  3 quokkas
  8 ball pythons
  5 bats
  5 rats
79 creatures vanquished.

Notes
Turn   | Place    | Note
-------+----------+-------------------------------------------
     0 | D:1      | ZappyNine the Ogre Fighter began the quest for the Orb.
     0 | D:1      | Reached XP level 1. HP: 24/24 MP: 1/1
     3 | D:1      | Noticed an electric eel
     4 | D:1      | Noticed an electric eel
   125 | D:1      | Reached XP level 2. HP: 11/32 MP: 2/2
  1029 | D:1      | Reached XP level 3. HP: 40/40 MP: 3/3
  2092 | D:3      | Noticed Sigmund
  2098 | D:3      | Reached XP level 4. HP: 28/49 MP: 4/4
  2122 | D:3      | Killed Sigmund
  2123 | D:3      | Reached skill level 5 in Fighting
  2123 | D:3      | Reached XP level 5. HP: 16/59 MP: 5/5
  2123 | D:3      | Reached XP level 6. HP: 18/67 MP: 6/6
  2540 | D:3      | Reached skill level 6 in Fighting
  2542 | D:3      | Noticed Jessica
  2731 | D:3      | Killed Jessica
  3051 | D:3      | Noticed Terence
  3058 | D:3      | Killed Terence
  3059 | D:3      | Reached skill level 5 in Maces & Flails
  3428 | D:4      | Reached XP level 7. HP: 76/76 MP: 7/7
  3579 | D:4      | Found a staircase to the Ecumenical Temple.
  3625 | Temple   | Entered the Ecumenical Temple
  3758 | Temple   | Became a worshipper of the Shining One
  4106 | D:4      | Reached skill level 7 in Fighting
  4613 | D:4      | Identified a scroll of acquirement
  4613 | D:4      | Acquired 951 gold pieces
  4908 | D:5      | Entered Level 5 of the Dungeon
  5028 | D:5      | Found a sparkling altar of Nemelex Xobeh.
  5029 | D:5      | Found a glowing silver altar of Zin.
  5029 | D:5      | Found a radiant altar of Vehumet.
  5115 | D:5      | Reached XP level 8. HP: 88/88 MP: 8/8
  5121 | D:5      | Noticed Prince Ribbit
  5128 | D:5      | Killed Prince Ribbit
  5129 | D:5      | Reached skill level 8 in Fighting
  5157 | D:5      | Noticed Menkaure
  5398 | D:5      | Found a shadowy altar of Dithmenos.
  5404 | D:5      | Killed Menkaure
  5703 | D:5      | Found a hazy altar of Hepliaklqana.
  5962 | D:5      | Slain by a sky beast

Illustrated notes

Levels and vault maps discovered:
D:1:      arrival_aquarium_b, layout_basic, nrook_uturn, minmay_cupped
D:2:      layout_basic
D:3:      layout_basic, uniq_terence, uniq_sigmund, uniq_jessica
D:4:      layout_basic, minmay_temple_entry_statues_fountains,
          nrook_loot_triangle, hangedman_minor_gate_pass
D:5:      layout_loops_ring, chequers_temple_overflow_statue_of_worship,
          lemuel_tele_altar, mainiacjoe_overflow_surrounded_room,
          uniq_prince_ribbit1, uniq_menkaure
D:6:      layout_loops_ring, kennysheep_mini, lemuel_doored_altar,
          dreamdust_wishing_well
Temple:   nicolae_temple_figure_zero

Skill      XL: |  1  2  3  4  5  6  7  8 |
---------------+-------------------------+-----
Maces & Flails | 2 3 4 5 6 7 |  7.9
Fighting       | 5 6 7 8 |  8.7
Dodging        | |  2.6
Shields        | |  3.0

Action                   |  1- 3 |  4- 6 |  7- 9 || total
-------------------------+-------+-------+-------++-------
Melee: Flail             |   108 |    86 |    46 ||   240
       Giant spiked club |       |       |    40 ||    40
  Use: Potion            |     1 |     2 |     2 ||     5
       Scroll            |       |       |    15 ||    15
Armor: Robe              |    43 |    21 |    42 ||   106
Dodge: Dodged            |    62 |    32 |    51 ||   145
Block: Kite shield       |    40 |    24 |    12 ||    76

Table legend: (Time is in decaauts)
 A = Elapsed time spent in this place.
 B = Non-inter-level travel time spent in this place.
 C = Inter-level travel time spent in this place.
 D = Time resting spent in this place.
 E = Time spent auto-exploring this place.
 F = Levels seen in this place.
 G = Mean time per level.
                   A        B        C        D        E       F      G
               +--------+--------+--------+--------+--------+-----+--------+
         Total |   6063 |   5843 |    220 |   1068 |   3907 |   7 |  866.1 |
       Dungeon |   5917 |   5729 |    188 |   1068 |   3794 |   6 |  986.2 |
        Temple |    146 |    114 |     32 |      0 |    113 |   1 |  146.0 |
               +--------+--------+--------+--------+--------+-----+--------+

Top non-repeatable levels by time:
     D:4: 1471 daAuts
     D:1: 1314 daAuts
     D:3: 1093 daAuts
     D:5: 1062 daAuts
     D:2: 967 daAuts
  Temple: 146 daAuts
     D:6: 7 daAuts
